 Dungeon Crawl Stone Soup version 0.30-a0-263-ge22c4ad894 (webtiles) character file.

Game seed: 18175943204912786195

970 sscrono2 the Martial Artist (level 8, 0/52 HPs)
             Began as an Octopode Monk on Oct 13, 2022.
             Slain by a gnoll
             ... wielding a +1 halberd of flaming
             ... led by a gnoll bouda
              (3 damage)
             ... on level 5 of the Dungeon.
             The game lasted 00:06:56 (5231 turns).

sscrono2 the Martial Artist (Octopode Monk)         Turns: 5231, Time: 00:06:56

Health: 0/52       AC:  1    Str: 10    XL:     8   Next: 16%
Magic:  8/8        EV: 14    Int: 14    God:
Gold:   248        SH:  0    Dex: 19    Spells: 7/7 levels left

rFire   . . .      SeeInvis .    t - +6 flail "Iweoleru" {vorpal, Will++ Dex+4}
rCold   . . .      Faith    .    (no shield)
rNeg    . . .      Spirit   .    (helmet restricted)
rPois   .          Reflect  .    (no amulet)
rElec   .          Harm     .    (no ring)
rCorr   .          Rampage  .    (no ring)
Will    ++...                    (no ring)
Stlth   ++........               (no ring)
HPRegen 0.28/turn                (no ring)
MPRegen 0.11/turn                (no ring)
                                 (no ring)
                                 (no ring)

@: silenced
A: almost no armour, amphibious, 8 rings, camouflage 1, gelatinous body 1,
(nimble swimmer 1), tentacles
a: no special abilities


You were on level 5 of the Dungeon.
You visited 1 branch of the dungeon, and saw 5 of its levels.

You collected 248 gold pieces.

Inventory:

Hand Weapons
 m - a +0 dagger of venom
 t - the +6 flail "Iweoleru" (weapon) {vorpal, Will++ Dex+4}
   (You found it on level 3 of the Dungeon)

   It inflicts extra damage upon your enemies.
   Dex:       It affects your dexterity (+4).
   Will:      It greatly increases your willpower.
Missiles
 o - 5 poisoned darts (quivered)
Jewellery
 i - a ring of see invisible
Wands
 s - a wand of light (3)
Scrolls
 b - 3 scrolls of fog
 d - a scroll of noise {unknown}
 e - a scroll of teleportation
 f - a scroll of acquirement {unknown}
 g - a scroll of enchant armour {unknown}
 h - a scroll of magic mapping {unknown}
 k - a scroll of silence
 p - a scroll of torment {unknown}
 r - 2 scrolls of vulnerability {unknown}
 u - a scroll of blinking {unknown}
 v - a scroll of enchant weapon {unknown}
Potions
 a - 6 potions of curing
 c - a potion of might {unknown}
 j - 3 potions of haste
 l - a potion of heal wounds {unknown}
 q - a potion of berserk rage {unknown}
 w - a potion of attraction {unknown}
 x - a potion of mutation {unknown}


   Skills:
 - Level 3.0 Fighting
 - Level 3.0 Dodging
 - Level 2.6 Stealth
 * Level 9.7 Unarmed Combat


You had 7 spell levels left.
You didn't know any spells.
Your spell library contained the following spells:

 Spells                   Type           Power      Damage    Failure   Level
 Ensorcelled Hibernation  Hex/Ice        0%         N/A       41%         2
 Passwall                 Tmut/Erth      0%         N/A       41%         2
 Gell's Gravitas          Tloc           0%         N/A       65%         3
 Lesser Beckoning         Tloc           0%         N/A       65%         3
 Swiftness                Air            0%         N/A       65%         3
 Teleport Other           Tloc           0%         N/A       65%         3


Dungeon Overview and Level Annotations

Branches:
Dungeon (5/15)
 Temple: D:4-7

Altars:
Okawaru


Innate Abilities, Weirdness & Mutations

You cannot wear most types of armour.
You are amphibious.
You can wear up to eight rings at the same time.
Your skin changes colour to match your surroundings (Stealth+).
Your rubbery body absorbs attacks. (AC +1, EV +1)
((You are camouflaged when in or above water. (Stealth+)))
You have tentacles for arms and can constrict up to eight enemies at once.


Message History

The gnoll struggles to escape constriction.
The gnoll escapes!
Unknown command.
You barely miss the gnoll. You grab the gnoll.
The gnoll is heavily wounded.
You constrict the gnoll.
The gnoll is no longer moving quickly.
The gnoll hits you with a +0 club. The gnoll closely misses you.
You hit the gnoll.
The gnoll is almost dead.
You constrict the gnoll.
You kill the gnoll!
The gnoll drinks a potion.
The gnoll seems to speed up.
The gnoll hits you with a +0 flail.
Unknown command.
You are too injured to fight recklessly!
You are too injured to fight recklessly!
Unknown command.
You are too injured to fight recklessly!
You are too injured to fight recklessly!
Unknown command.
You hit the gnoll. You grab the gnoll.
The gnoll is heavily wounded.
You constrict the gnoll. The gnoll closely misses you.
You hit the gnoll.
You kill the gnoll!
The gnoll hits you from afar with a +1 halberd of flaming!
* * * LOW HITPOINT WARNING * * *
The gnoll burns you.
* * * LOW HITPOINT WARNING * * *
Unknown command.
Okay, then.
Okay, then.
As you read the scroll labelled FAFFUTT HUSYNIEFF, it crumbles to dust.
A profound silence engulfs you.
It was a scroll of silence.
Your attacks no longer feel as feeble.
The gnoll misses you.
The gnoll hits you with a +1 halberd of flaming!
* * * LOW HITPOINT WARNING * * *
The gnoll burns you.
You die...

###.# #.#.### #
. #.#.#######.#
. #....)......#
#.#.#########
#.#.# #####.#.#
#.......#
#...?...#####.#
#......)@g....#
#......########
#......#
#......#
####..## ....
### .(... ...
...


You could see a gnoll (fast).

Vanquished Creatures
  Edmund (D:5)
  An ogre (D:5)
  A phantom (D:5)
  A necrophage (D:4)
  A jelly (D:4)
  2 hounds
  2 gnoll boudas (D:5)
  2 orc priests
  An iguana (D:5)
  5 orc wizards
  7 gnolls (D:5)
  6 adders
  An ufetubus (D:5)
  4 dart slugs
  3 worms
  19 orcs
  A ball python (D:2)
  6 endoplasms
  3 giant cockroaches
  15 goblins
  12 hobgoblins
  3 quokkas
  3 bats
  5 frilled lizards
  8 kobolds
  7 rats
120 creatures vanquished.

Vanquished Creatures (others)
  An orc wizard (D:2)
1 creature vanquished.

Grand Total: 121 creatures vanquished

Notes
Turn   | Place    | Note
-------+----------+-------------------------------------------
     0 | D:1      | sscrono2 the Octopode Monk began the quest for the Orb.
     0 | D:1      | Reached XP level 1. HP: 16/16 MP: 1/1
   139 | D:1      | Reached XP level 2. HP: 21/21 MP: 2/2
   881 | D:2      | Reached skill level 4 in Unarmed Combat
   934 | D:2      | Reached XP level 3. HP: 26/26 MP: 3/3
  1091 | D:2      | Reached skill level 5 in Unarmed Combat
  1091 | D:2      | Reached XP level 4. HP: 8/31 MP: 4/4
  1454 | D:2      | Reached XP level 5. HP: 34/36 MP: 5/5
  2810 | D:3      | Reached skill level 6 in Unarmed Combat
  3014 | D:3      | Found an iron altar of Okawaru.
  3020 | D:3      | Identified the +6 flail "Iweoleru" {vorpal, Will++ Dex+4}
  3277 | D:4      | Reached XP level 6. HP: 35/42 MP: 6/6
  3445 | D:4      | HP: 2/42 [orc/+0 whip (5)]
  3627 | D:4      | Reached skill level 7 in Unarmed Combat
  4300 | D:5      | Entered Level 5 of the Dungeon
  4319 | D:5      | Reached XP level 7. HP: 42/46 MP: 7/7
  4339 | D:5      | Reached skill level 8 in Unarmed Combat
  4653 | D:5      | Noticed Edmund
  4671 | D:5      | Killed Edmund
  5049 | D:5      | Reached skill level 9 in Unarmed Combat
  5083 | D:5      | Reached XP level 8. HP: 38/51 MP: 8/8
  5231 | D:5      | Slain by a gnoll

Illustrated notes

Levels and vault maps discovered:
D:1:      lightli_arrival_statue_moat, layout_basic
D:2:      layout_loops_ring
D:3:      cheibrodos_greedy_goblins, layout_basic,
          lemuel_coloured_pillars_altar, ebering_dispersal_statue_hall
D:4:      layout_loops_cross
D:5:      layout_basic, mainiacjoe_overflow_swirl, uniq_edmund

Skill      XL: |  1  2  3  4  5  6  7 |
---------------+----------------------+-----
Unarmed Combat | 4 5 6 7 9 |  9.7
Fighting       | |  3.0
Dodging        | |  3.0
Stealth        | |  2.6

Action                   |  1- 3 |  4- 6 |  7- 9 || total
-------------------------+-------+-------+-------++-------
Melee: Unarmed           |    70 |    27 |     2 ||    99
       Tentacles         |    12 |    21 |     9 ||    42
       Constrict         |    10 |    35 |    16 ||    61
       Punch             |     1 |     7 |     8 ||    16
       Dagger            |       |    63 |       ||    63
       Flail             |       |    37 |    58 ||    95
Throw: Dart              |       |     1 |     9 ||    10
Evoke: Wand              |       |       |     1 ||     1
  Use: Potion            |     3 |       |     2 ||     5
       Scroll            |       |     4 |     2 ||     6
 Stab: Sleeping          |     5 |    22 |     1 ||    28
Armor: Skin              |     4 |     7 |    14 ||    25
Dodge: Dodged            |    27 |    63 |    36 ||   126

Table legend: (Time is in decaauts)
 A = Elapsed time spent in this place.
 B = Non-inter-level travel time spent in this place.
 C = Inter-level travel time spent in this place.
 D = Time resting spent in this place.
 E = Time spent auto-exploring this place.
 F = Levels seen in this place.
 G = Mean time per level.
                   A        B        C        D        E       F      G
               +--------+--------+--------+--------+--------+-----+--------+
         Total |   5258 |   4994 |    264 |   1049 |   3169 |   5 | 1051.6 |
       Dungeon |   5258 |   4994 |    264 |   1049 |   3169 |   5 | 1051.6 |
               +--------+--------+--------+--------+--------+-----+--------+

Top non-repeatable levels by time:
     D:3: 1478 daAuts
     D:4: 1055 daAuts
     D:5: 954 daAuts
     D:2: 923 daAuts
     D:1: 847 daAuts
